 Dungeon Crawl Stone Soup version 0.28-a0-823-gb444dcf96d (webtiles) character file.

Game seed: 4396426585990066137

336 bande the Covered (level 6, 0/38 HPs)
             Began as a Gargoyle Fighter on Nov 9, 2021.
             Slain by Menkaure (13 damage)
             ... on level 4 of the Dungeon.
             The game lasted 00:04:47 (3448 turns).

bande the Covered (Gargoyle Fighter)                Turns: 3448, Time: 00:04:48

Health: 0/38       AC: 19    Str: 21    XL:     6   Next: 54%
Magic:  6/6        EV:  9    Int:  8    God:
Gold:   151        SH:  4    Dex: 10    Spells: 5/5 levels left

rFire   . . .      SeeInvis .   a - +0 war axe
rCold   . . .      Faith    .   c - +0 buckler
rNeg    + . .      Spirit   .   b - +0 scale mail
rPois   ∞          Reflect  .   (no helmet)
rElec   +          Harm     .   (no cloak)
rCorr   .          Rampage  .   j - +0 pair of gloves
Will    .....                   f - +1 pair of boots
Stlth   ..........              (no amulet)
HPRegen 0.12/turn               m - +4 ring of protection
MPRegen 0.10/turn               (no ring)

@: no status effects
A: sickness immunity, AC +4, negative energy resistance 1, electricity
resistance, torment resistance 1, petrification resistance
a: no special abilities


You were on level 4 of the Dungeon.
You visited 1 branch of the dungeon, and saw 4 of its levels.

You collected 151 gold pieces.

Inventory:

Hand Weapons
 a - a +0 war axe (weapon)
 l - a +0 war axe
Armour
 b - a +0 scale mail (worn)
 c - a +0 buckler (worn)
 f - a +1 pair of boots (worn)
 j - a +0 pair of gloves (worn)
Jewellery
 m - a +4 ring of protection (left hand)
 n - a ring of wizardry
Wands
 e - a wand of acid (7)
Scrolls
 h - a scroll of amnesia
Potions
 d - 2 potions of might
 g - a potion of heal wounds {unknown}
 i - a potion of magic {unknown}
 k - 2 potions of curing


   Skills:
 + Level 4.2 Fighting
 + Level 4.5 Axes
 + Level 4.5 Armour
 - Level 0.1 Dodging
 + Level 4.0 Shields


You had 5 spell levels left.
You didn't know any spells.
Your spell library contained the following spells:

 Spells                   Type           Power      Damage    Failure   Level
 Blink                    Tloc           0%         N/A       86%         2
 Manifold Assault         Tloc           0%         N/A       100%        5
 Storm Form               Tmut/Air       0%         N/A       100%        7


Dungeon Overview and Level Annotations

Branches:
Dungeon (4/15)
 Temple: D:4-7

Altars:
Yredelemnul

Annotations:
D:3 4 runed translucent doors, ytrimaz's ghost, amateur DsFi
D:4 Menkaure


Innate Abilities, Weirdness & Mutations

You are immune to sickness and miasma.
Your stone body is resilient. (AC +4)
You are immune to poison.
You resist negative energy. (rN+)
You are resistant to electric shocks. (rElec)
You are resistant to unholy torment.
You are immune to petrification.


Message History

The gnoll sergeant barely misses you. The gnoll barely misses you.
The gnoll hits you but does no damage.
You closely miss the gnoll sergeant.
The gnoll sergeant is heavily wounded.
The gnoll sergeant hits you with a +0 spear of flaming.
The gnoll sergeant burns you. The gnoll hits you but does no damage.
The gnoll barely misses you. The gnoll sergeant barely misses you.
You closely miss the gnoll sergeant.
The gnoll sergeant is heavily wounded.
You block the gnoll's attack. x2
The gnoll sergeant hits you with a +0 spear of flaming.
The gnoll sergeant burns you. The gnoll hits you but does no damage.
You hit the gnoll sergeant.
The gnoll sergeant is severely wounded.
You slash Menkaure! The gnoll hits you but does no damage.
The gnoll sergeant hits you with a +0 spear of flaming.
The gnoll sergeant burns you. Menkaure hits you. You block the gnoll's attack.
You are too injured to fight recklessly!
You are too injured to fight recklessly!
You are too injured to fight recklessly!
You are too injured to fight recklessly!
You are too injured to fight recklessly!
Unknown command.
The gnoll sergeant hits you from afar with a +0 spear of flaming.
* * * LOW HITPOINT WARNING * * *
The gnoll sergeant burns you.
* * * LOW HITPOINT WARNING * * *
Menkaure gestures at you while chanting.
Pain shoots through your body!
* * * LOW HITPOINT WARNING * * *
Menkaure gestures wildly while chanting.
Menkaure seems to speed up.
You feel better. The gnoll sergeant closely misses you.
As you open the door, it creaks loudly!
The gnoll sergeant hits you but does no damage.
There is an open door here.
Found an escape hatch in the floor.
There is a stone staircase leading up here.
Menkaure hits you!
You die...

#.......############ #.
#######.......#..........# #.
#....g.g......#..........# #.
+.....M.g.).........>....###.
#...######.............(.....
#...#....#.#########.########
...####.gg............ #.#
........#......####### #.#
........#......#@...# #.#
..............gM..#...≈≈≈≈
......................≈##≈
....).................≈# #
......................≈≈
..†.....................
...†....##....####....≈≈
........##....... ....≈#
##+####.##.#..... >...≈


You could see a gnoll sergeant and Menkaure (fast).

Vanquished Creatures
  A howler monkey (D:4)
  2 hounds
  A human zombie (D:3)
  A jelly (D:3)
  An iguana (D:4)
  7 adders
  3 worms
  A dart slug (D:2)
  3 orcs (D:4)
  5 endoplasms
  A giant cockroach (D:3)
  6 hobgoblins
  10 jackals
  A quokka (D:4)
  10 ball pythons
  4 bats
  3 frilled lizards
  9 goblins
  7 kobolds
  A kobold zombie (D:3)
  5 rats
82 creatures vanquished.

Vanquished Creatures (others)
  A plant (D:3)
1 creature vanquished.

Grand Total: 83 creatures vanquished

Notes
Turn   | Place    | Note
-------+----------+-------------------------------------------
     0 | D:1      | bande the Gargoyle Fighter began the quest for the Orb.
     0 | D:1      | Reached XP level 1. HP: 14/14 MP: 1/1
   307 | D:1      | Reached XP level 2. HP: 19/19 MP: 2/2
  1190 | D:2      | Reached XP level 3. HP: 22/23 MP: 3/3
  1530 | D:2      | Found a faded altar of an unknown god.
  1592 | D:2      | Reached XP level 4. HP: 29/29 MP: 4/4
  2505 | D:3      | Reached XP level 5. HP: 22/33 MP: 5/5
  2652 | D:3      | Noticed ytrimaz's ghost (amateur DsFi)
  2780 | D:3      | Found a runed translucent gate.
  2781 | D:3      | Found a runed translucent gate.
  2783 | D:3      | Found a runed translucent gate.
  3009 | D:3      | Found a runed translucent door.
  3009 | D:3      | Noticed a human
  3016 | D:3      | Found a basalt altar of Yredelemnul.
  3254 | D:4      | Reached XP level 6. HP: 38/38 MP: 6/6
  3422 | D:4      | Noticed Menkaure
  3448 | D:4      | Slain by Menkaure

Illustrated notes

Levels and vault maps discovered:
D:1:      nzn_arrival_water_spiral, layout_basic
D:2:      layout_basic, shapermc_ecumenical_altar_mp_vishouse,
          amcnicky_mini_pool_small
D:3:      cheibrodos_old_hovel, layout_loops_ring, dk_yredelemnul_ordeal,
          gammafunk_ghost_split
D:4:      layout_basic, gammafunk_temple_overflow_statue,
          corexii_mini_fake_secret_closet, lightli_minifort, uniq_menkaure

Skill      XL: |  1  2  3  4  5  6 |
---------------+-------------------+-----
Axes           | 2 3 4 |  4.5
Armour         | 4 |  4.5
Fighting       | 4 |  4.2
Shields        | 4 |  4.0
Dodging        | |  0.1

Action                   |  1- 3 |  4- 6 || total
-------------------------+-------+-------++-------
Melee: War axe           |   101 |   155 ||   256
  Use: Scroll            |     3 |     4 ||     7
       Potion            |       |     1 ||     1
Armor: Scale mail        |    64 |    93 ||   157
Dodge: Dodged            |    51 |   103 ||   154
Block: Buckler           |    22 |    37 ||    59

Table legend: (Time is in decaauts)
 A = Elapsed time spent in this place.
 B = Non-inter-level travel time spent in this place.
 C = Inter-level travel time spent in this place.
 D = Time resting spent in this place.
 E = Time spent auto-exploring this place.
 F = Levels seen in this place.
 G = Mean time per level.
                   A        B        C        D        E       F      G
               +--------+--------+--------+--------+--------+-----+--------+
         Total |   3541 |   3541 |      0 |      0 |   2779 |   4 |  885.2 |
       Dungeon |   3541 |   3541 |      0 |      0 |   2779 |   4 |  885.2 |
               +--------+--------+--------+--------+--------+-----+--------+

Top non-repeatable levels by time:
     D:2: 1182 daAuts
     D:1: 1174 daAuts
     D:3: 942 daAuts
     D:4: 241 daAuts
